 Dungeon Crawl Stone Soup version 0.25-a0-194-gece12570e2 (webtiles) character file.

Game seed: 796387273153906455, levelgen mode: deterministic

189 Goreval the Poker (level 5, 0/42 HPs)
             Began as a Merfolk Gladiator on Nov 30, 2019.
             Slain by Ijyb
             ... wielding a +2 dagger of electrocution
              (15 damage)
             ... on level 4 of the Dungeon.
             The game lasted 00:06:58 (3394 turns).

Goreval the Poker (Merfolk Gladiator)               Turns: 3394, Time: 00:06:58

Health: 0/42       AC:  9    Str: 15    XL:     5   Next: 68%
Magic:  5/5        EV: 14    Int:  7    God:
Gold:   194        SH:  0    Dex: 16    Spells: 4/4 levels left

rFire    . . .     SeeInvis .   y - +2 trident (protect)
rCold    . . .     Gourm    .   (no shield)
rNeg     . . .     Faith    .   b - +0 leather armour
rPois    .         Spirit   .   c - +0 helmet
rElec    .         Reflect  .   (no cloak)
rCorr    .         Harm     .   s - +0 pair of gloves
MR       .....                  p - +0 pair of boots
Stlth    +.........             (no amulet)
HPRegen  0.14/turn              i - ring of wizardry
MPRegen  0.09/turn              (no ring)

@: corroded, protection aura
A: change form in water, swift swim, stealthy swim
a: no special abilities


You were on level 4 of the Dungeon.
You were not hungry.

You visited 1 branch of the dungeon, and saw 4 of its levels.

You collected 194 gold pieces.

Inventory:

Hand Weapons
 y - a +2 trident of protection (weapon)
Missiles
 d - 3 throwing nets
 g - 3 boomerangs (quivered)
 j - 90 stones
Armour
 b - a +0 leather armour (worn)
 c - a +0 helmet (worn)
 h - a +0 shield
 p - a +0 pair of boots (worn)
 s - a +0 pair of gloves (worn)
Jewellery
 i - a ring of wizardry (left hand)
Wands
 w - a wand of iceblast (6)
Scrolls
 e - a scroll of amnesia {unknown}
 l - 5 scrolls of identify {unknown}
 o - a scroll of random uselessness {unknown}
 q - 2 scrolls of remove curse {unknown}
 r - a scroll of fear {unknown}
 u - a scroll of teleportation {unknown}
Potions
 a - a potion of agility {unknown}
 k - 2 potions of ambrosia {unknown}
 m - a potion of brilliance {unknown}
 n - a potion of flight {unknown}
 t - 3 potions of might {unknown}
 x - a potion of mutation {unknown}
Comestibles
 f - 9 rations


   Skills:
 + Level 3.9 Fighting
 * Level 7.6 Polearms
 - Level 2.0 Throwing
 - Level 4.0 Dodging
 + Level 0.7 Shields


You had 4 spell levels left.
You didn't know any spells.
Your spell library contained the following spells:

 Spells                   Type           Power        Failure   Level  Hunger
 Shock                    Conj/Air       #...         22%         1    ##.....
 Swiftness                Chrm/Air       #.......     32%         2    ###....
 Static Discharge         Conj/Air       #.......     52%         3    ####...
 Airstrike                Air            #.........   89%         4    #####..
 Lightning Bolt           Conj/Air       #.........   99%         5    ######.


Dungeon Overview and Level Annotations

Branches:
Dungeon (4/15)
 Temple: D:4-7

Altars:
Cheibriados
Dithmenos
Vehumet
The Shining One

Annotations:
D:4 Ijyb


Message History

Ijyb zaps a wand.
The bolt of acid hits you. The acid corrodes you!
You are splashed with acid!
Here: Ijyb, wielding a +2 dagger of electrocution, wearing a +0 leather armour and carrying a wand of acid (9)
The floor.
You barely miss Ijyb.
Ijyb hits you with a +2 dagger of electrocution.
Unknown command.
You puncture Ijyb! Ijyb misses you.
You puncture Ijyb! Ijyb barely misses you.
You hit Ijyb but do no damage. Ijyb barely misses you.
You hit Ijyb. Ijyb completely misses you.
You barely miss Ijyb. Ijyb barely misses you.
You miss Ijyb. Ijyb hits you but does no damage.
You hit Ijyb. Ijyb hits you but does no damage.
You are electrocuted!
You barely miss Ijyb. Ijyb hits you but does no damage.
You barely miss Ijyb. Ijyb hits you but does no damage.
You closely miss Ijyb. Ijyb hits you but does no damage.
You are electrocuted!
You die...

#### _.. ..##
..# ##g#
###.@##
#.....##
#.....#.##
#....#####.##
...## ##.##
.# ##.##
#..## ##..##
##..##


You could see Ijyb.

Vanquished Creatures
  Terence (D:3)
  3 gnolls
  4 adders
  An ooze (D:2)
  A dart slug (D:3)
  5 worms (D:2)
  2 leopard geckos
  5 orcs (D:3)
  2 ball pythons
  8 giant cockroaches
  3 goblins
  10 hobgoblins
  2 jackals (D:1)
  8 bats
  2 frilled lizards
  6 kobolds
  9 rats
72 creatures vanquished.

Notes
Turn   | Place    | Note
-------+----------+-------------------------------------------
     0 | D:1      | Goreval the Merfolk Gladiator began the quest for the Orb.
     0 | D:1      | Reached XP level 1. HP: 16/16 MP: 1/1
    83 | D:1      | Reached XP level 2. HP: 23/23 MP: 2/2
   118 | D:1      | Reached skill level 5 in Polearms
   355 | D:1      | You fall into a shaft and drop 1 floor!
   501 | D:2      | Reached XP level 3. HP: 28/28 MP: 3/3
   692 | D:2      | Found a shadowy altar of Dithmenos.
   693 | D:2      | Found a snail-covered altar of Cheibriados.
   831 | D:2      | Found a faded altar of an unknown god.
   930 | D:2      | Reached skill level 6 in Polearms
  1181 | D:2      | Reached XP level 4. HP: 31/35 MP: 4/4
  1194 | D:2      | Found a radiant altar of Vehumet.
  1825 | D:3      | Noticed Terence
  2023 | D:3      | Killed Terence
  2023 | D:3      | Reached skill level 7 in Polearms
  2409 | D:2      | Reached XP level 5. HP: 40/41 MP: 5/5
  3377 | D:4      | Found a glowing golden altar of the Shining One.
  3379 | D:4      | Noticed Ijyb
  3394 | D:4      | Slain by Ijyb

Levels and vault maps discovered:
D:1:      lightli_arrival_chessboard, layout_rooms
D:2:      layout_loops_corners, vehumet_crystals,
          gammafunk_temple_overflow_pools, chequers_ecumenical_altar_simple
D:3:      layout_basic, uniq_terence
D:4:      layout_cave_pods, cheibrodos_ashenzari_chains,
          overflow_temple_1_default, first_ration, minmay_misc_feat_roman,
          uniq_ijyb

Skill      XL: |  1  2  3  4 |
---------------+-------------+-----
Polearms       | 5 6 7 |  7.6
Fighting       | 3 |  3.9
Throwing       | |  2.0
Dodging        | |  4.0
Shields        | |  0.7

Action                   |  1- 3 |  4- 6 || total
-------------------------+-------+-------++-------
Melee: Trident           |   129 |   163 ||   292
Throw: Boomerang         |       |     5 ||     5
       Stone             |       |     1 ||     1
 Stab: Sleeping          |     1 |       ||     1
  Eat: Chunk             |     1 |     7 ||     8
Armor: Leather armour    |    17 |    30 ||    47
Dodge: Dodged            |    66 |    84 ||   150

Table legend:
 A = Non-vault XP
 B = Vault XP
 C = Vault XP percentage of total XP
 D = Non-vault monster count
 E = Vault monster count
 F = Vault count percentage of total count
                 A         B        C        D         E       F
            +---------+---------+-------+---------+---------+-------
      Total |     233 |      38 |  14.0 |      71 |       1 |   1.4
            +---------+---------+-------+---------+---------+-------
        D:1 |      27 |       0 |   0.0 |      16 |       0 |   0.0
        D:2 |      86 |       0 |   0.0 |      25 |       0 |   0.0
        D:3 |     120 |      38 |  24.1 |      30 |       1 |   3.2
            +---------+---------+-------+---------+---------+-------
